 Dungeon Crawl Stone Soup version 0.31-a0-870-g10ed682358 (webtiles) character file.

Game seed: 16697263623310597199

113 BinkBink the Cutter (level 4, 0/28 HPs)
             Began as a Tengu Fighter on Oct 12, 2023.
             Succumbed to a goblin's poison
             ... on level 2 of the Dungeon.
             The game lasted 00:02:05 (1334 turns).

BinkBink the Cutter (Tengu Fighter)                 Turns: 1334, Time: 00:02:05

Health: 0/28       AC:  0    Str: 16    XL:     4   Next: 96%
Magic:  5/5        EV: 12    Int:  9    God:
Gold:   94         SH:  5    Dex: 15    Spells: 3/3 levels left

rFire   . . .        e - +2 short sword (vamp)
rCold   . . .        c - +0 buckler
rNeg    . . .        (no body armour)
rPois   .            (helmet restricted)
rElec   .            (no cloak)
rCorr   .            (no gloves)
SInv    .            (boots unavailable)
Will    .....        (no amulet)
Stlth   +            (no ring)
HPRegen 0.24/turn    (no ring)
MPRegen 0.09/turn

%: acrobat
@: lethally poisoned (0 -> -24)
A: beak, talons 3, acrobatic, inability to read after injury 1
a: no special abilities


You were on level 2 of the Dungeon.
You visited 1 branch of the dungeon, and saw 2 of its levels.

You collected 94 gold pieces.

Inventory:

Hand Weapons
 a - a +0 rapier
 e - a +2 vampiric short sword (weapon)
Missiles
 h - a throwing net
Armour
 c - a +0 buckler (worn)
Scrolls
 b - 4 scrolls of identify {unknown}
 g - a scroll of fog {unknown}
Potions
 d - a potion of might
 f - a potion of haste {unknown}
 j - a potion of magic {unknown}
 k - a potion of enlightenment {unknown}


   Skills:
 + Level 3.5 Fighting
 * Level 3.8 Short Blades
 - Level 3.2 Armour
 + Level 1.9 Dodging
 + Level 3.6 Shields


You had 3 spell levels left.
You didn't know any spells.
Your spell library was empty.

Dungeon Overview and Level Annotations

Branches:
Dungeon (2/15)

Altars:

Annotations:
D:2 1 runed translucent door, Crazy Yiuf


Innate Abilities, Weirdness & Mutations

You have a beak for a mouth.
You have claws for feet.
You can magically evade attacks while moving or waiting.
You occasionally lose the ability to read scrolls when taking damage.


Message History

The ball python hisses angrily.
A goblin comes into view. It is wielding a +0 dagger of venom.
Jessica gestures at you while chanting. Pain shoots through your body!
Jessica casts a spell.
Jessica seems to speed up.
You hit Jessica.
You feel better.
Jessica is moderately wounded.
You block the ball python's attack. The ball python grabs you.
The ball python constricts you. Jessica hits you with a +0 club.
You hit the ball python.
You feel better.
The ball python is severely wounded.
The ball python barely misses you. The ball python constricts you.
You block Jessica's attack.
You hit the ball python.
You feel better.
You kill the ball python!
Jessica hits you with a +0 club.
The goblin hits you with a +0 dagger of venom.
You are poisoned.
You barely miss Jessica. You peck Jessica, but do no damage.
Jessica is lightly wounded.
You feel sick.
Jessica points at you and mumbles some strange words.
Pain shoots through your body!
The goblin hits you with a +0 dagger of venom.
You are lethally poisoned!
You block Jessica's attack.
You hit Jessica.
You feel better.
You peck Jessica.
You kill Jessica!
You feel very sick.
The goblin hits you with a +0 dagger of venom.
You are more poisoned.
You hit the goblin.
The goblin is moderately wounded.
* * * LOW HITPOINT WARNING * * *
You feel very sick. The goblin closely misses you.
It was a potion of mutation.
You feel extremely strange.
You occasionally lose the ability to read scrolls when taking damage.
You die...

#. ## . #
..#########
#.........#
#........#
#$.......#
#.....<..#
#....)@..##
#....g##..#
#..... ##.#
#..... #.#
###### #.#
#.## #..#
##.####
#....#


You could see a goblin.

Vanquished Creatures
  A jelly (D:2)
  Jessica (D:2)
  5 dart slugs
  3 bats (D:1)
  4 endoplasms
  4 giant cockroaches
  3 goblins (D:1)
  7 hobgoblins
  4 jackals (D:1)
  3 ball pythons
  A frilled lizard (D:1)
  4 kobolds
  3 rats (D:2)
43 creatures vanquished.

Notes
Turn   | Place    | Note
-------+----------+-------------------------------------------
     0 | D:1      | BinkBink the Tengu Fighter began the quest for the Orb.
     0 | D:1      | Reached XP level 1. HP: 14/14 MP: 2/2
   156 | D:1      | Reached XP level 2. HP: 15/19 MP: 3/3
   308 | D:1      | Reached skill level 1 in Dodging
   337 | D:1      | Reached XP level 3. HP: 23/23 MP: 4/4
  1156 | D:2      | Found a runed translucent door.
  1157 | D:2      | Noticed Crazy Yiuf
  1192 | D:2      | Reached XP level 4. HP: 28/28 MP: 5/5
  1324 | D:2      | Noticed Jessica
  1332 | D:2      | Killed Jessica
  1334 | D:2      | Gained mutation: You occasionally lose the ability to read
                  | scrolls when taking damage. [potion of mutation]
  1334 | D:2      | Succumbed to a goblin's poison

Illustrated notes

Levels and vault maps discovered:
D:1:      sevenhm_arrival_forest_fort_large_2, layout_rooms, kennysheep_boxes
D:2:      layout_basic, uniq_crazy_yiuf_cottage, uniq_jessica

Skill      XL: |  1  2  3 |
---------------+----------+-----
Dodging        | 1 |  1.9
Short Blades   | 3 |  3.8
Fighting       | |  3.5
Armour         | |  3.2
Shields        | |  3.6

Action                     |  1- 3 |  4- 6 || total
---------------------------+-------+-------++-------
  Melee: Rapier            |    30 |       ||    30
         Kick              |    28 |       ||    28
         Peck              |     9 |     2 ||    11
         Short sword       |    53 |     7 ||    60
    Use: Potion            |       |     1 ||     1
   Stab: Sleeping          |     1 |       ||     1
 Armour: Skin              |    27 |     5 ||    32
  Dodge: Dodged            |    46 |     3 ||    49
  Block: Buckler           |    16 |     5 ||    21

Table legend: (Time is in decaauts)
 A = Elapsed time spent in this place.
 B = Non-inter-level travel time spent in this place.
 C = Inter-level travel time spent in this place.
 D = Time resting spent in this place.
 E = Time spent auto-exploring this place.
 F = Levels seen in this place.
 G = Mean time per level.
                   A        B        C        D        E       F      G
               +--------+--------+--------+--------+--------+-----+--------+
         Total |   1359 |   1215 |    144 |      0 |    970 |   2 |  679.5 |
       Dungeon |   1359 |   1215 |    144 |      0 |    970 |   2 |  679.5 |
               +--------+--------+--------+--------+--------+-----+--------+

Top non-repeatable levels by time:
     D:1: 1034 daAuts
     D:2: 324 daAuts
